 Dungeon Crawl Stone Soup version 0.18.1-50-g88ac8fd (webtiles) character file.

117 Darknavi the Firebug (level 5, -1/35 HPs)
             Began as a Human Fire Elementalist on Oct 10, 2016.
             Killed from afar by Natasha (4 damage)
             ... with a magic dart
             ... on level 2 of the Dungeon.
             The game lasted 00:11:48 (2243 turns).

Darknavi the Firebug (Human Fire Elementalist)      Turns: 2243, Time: 00:11:49

Health: -1/35      AC:  3    Str:  9    XL:     5   Next: 22%
Magic:  0/8        EV: 12    Int: 16    God:
Gold:   44         SH:  0    Dex: 13    Spells: 3 memorised, 2 levels left

rFire  + . .     SeeInvis .     m - +1 dagger
rCold  x . .     Gourm    .     d - +1 robe {MR+}
rNeg   . . .     Faith    .     (no shield)
rPois  .         Spirit   .     (no helmet)
rElec  .         Dismiss  .     (no cloak)
rCorr  .         Reflect  .     (no gloves)
SustAt .         Harm     .     (no boots)
MR     +....                    (no amulet)
Stlth  ++........               (no ring)
                                r - ring of fire

@: hasted, very quick, somewhat resistant to hostile enchantments, unstealthy
A: no striking features
a: no special abilities


You were on level 2 of the Dungeon.
You were not hungry.

You visited 1 branch of the dungeon, and saw 2 of its levels.

You collected 44 gold pieces.

Inventory:

Hand Weapons
 i - a +0 whip
 m - a +1 dagger (weapon)
Armour
 a - a +0 robe
 d - a +1 robe of magic resistance (worn)
Jewellery
 r - a ring of fire (left hand)
Wands
 o - a wand of digging (12/24)
Scrolls
 e - a scroll of amnesia
 h - 2 scrolls of identify
 k - a scroll of magic mapping
 p - a scroll of remove curse
Potions
 j - a potion of haste
Books
 b - a book of Flames

   Spells                             Type                      Level
   a - Flame Tongue                   Conjuration/Fire             1
   b - Throw Flame                    Conjuration/Fire             2
   c - Conjure Flame                  Conjuration/Fire             3
   d - Inner Flame                    Hexes/Fire                   3
   e - Sticky Flame                   Conjuration/Fire             4
   f - Fireball                       Conjuration/Fire             5
Comestibles
 c - 2 bread rations
 g - 2 meat rations
 l - 3 fruits
 q - a royal jelly
 s - 6 chunks of flesh


   Skills:
 - Level 1.0 Short Blades
 + Level 2.4 Dodging
 - Level 2.0 Stealth
 - Level 2.1 Spellcasting
 - Level 1.0 Conjurations
 - Level 5.1 Fire Magic


You had 2 spell levels left.
You knew the following spells:

 Your Spells              Type           Power        Failure   Level  Hunger
a - Flame Tongue          Conj/Fire      ###..        8%          1    #......
b - Conjure Flame         Conj/Fire      ###.....     17%         3    ###....
c - Throw Flame           Conj/Fire      ###...       10%         2    ###....


Dungeon Overview and Level Annotations

Branches:
Dungeon (2/15)

Altars:
Qazlal

Annotations:
D:2 Ijyb, Natasha, Sigmund


Message History

Natasha is lightly wounded.
Natasha claws you!
* * * LOW HITPOINT WARNING * * *
Casting: Flame Tongue
Confirm with . or Enter, or press ? or * to list all spells.
Aiming: Flame Tongue
Press: ? - help, Shift-Dir - straight line, f/p - Natasha
Aim: Natasha (lightly wounded)
You feel a surge of power!
The flame tongue hits Natasha.
Natasha is almost dead.
Natasha closely misses you. Natasha claws you.
* * * LOW HITPOINT WARNING * * *
You barely miss Natasha.
Natasha is almost dead.
Natasha mumbles some strange words.
You feel yourself speed up. Natasha casts a spell at you.
The magic dart hits you!
You die...

...l...# #.# #.############.#,,,
.......# #.# #..............####
.......# #.##############....)...
......§###.##.......[.....####...
.......'5........................
......5###.##5##########..#.#....
......5# #.##l.g5# #..#.#,,..
##########'#####h# #..#.#,..,
#........##@##### #..#.#...,
#.###.###+..#...# #......#**
######.#§...§#####.#.###......# *
.....'.#.....#+...<...........# *
######...._....###.#.#........# *
######.#.....#####.#+#.......(##*
#......#§...§# #................,
#......###.### #.........##.#.##*
#.......##.#.# #.......#....#.#


You could see Ijyb, an iron imp and Natasha.

Vanquished Creatures
  Jessica (D:2)
  5 adders
  A worm (D:2)
  2 giant geckos
  4 bats
  A giant cockroach (D:2)
  6 goblins
  3 hobgoblins
  8 jackals
  3 kobolds (D:1)
  2 giant newts (D:1)
  5 rats
41 creatures vanquished.

Notes
Turn   | Place    | Note
--------------------------------------------------------------
     0 | D:1      | Darknavi the Human Fire Elementalist began the quest for the Orb.
     0 | D:1      | Reached XP level 1. HP: 13/13 MP: 3/3
   316 | D:1      | Reached XP level 2. HP: 19/19 MP: 3/5
   912 | D:2      | Reached XP level 3. HP: 24/24 MP: 3/6
   936 | D:1      | Reached skill level 4 in Fire Magic
  1241 | D:2      | Noticed Sigmund
  1271 | D:2      | Noticed Natasha
  1310 | D:2      | Found a stormy altar of Qazlal.
  1471 | D:2      | Learned a level 3 spell: Conjure Flame
  1474 | D:2      | Learned a level 2 spell: Throw Flame
  1483 | D:2      | Noticed Jessica
  1507 | D:2      | Killed Jessica
  1507 | D:2      | Reached XP level 4. HP: 3/30 MP: 0/7
  1703 | D:2      | Reached skill level 5 in Fire Magic
  1951 | D:2      | Reached XP level 5. HP: 35/35 MP: 0/8
  2201 | D:2      | Reached skill level 1 in Short Blades
  2207 | D:2      | Noticed Ijyb
  2243 | D:2      | Killed from afar by Natasha

Skill      XL: |  1  2  3  4  5 |
---------------+----------------+-----
Fire Magic     | 4 5 |  5.1
Short Blades   | 1 |  1.0
Dodging        | |  2.4
Stealth        | |  2.0
Spellcasting   | |  2.1
Conjurations   | |  1.0

Action                   |  1- 3 |  4- 6 || total
-------------------------+-------+-------++-------
Melee: Unarmed           |     1 |       ||     1
       Whip              |    12 |       ||    12
       Dagger            |     9 |    11 ||    20
 Cast: Flame Tongue      |    46 |    16 ||    62
       Throw Flame       |     3 |    16 ||    19
       Conjure Flame     |       |     1 ||     1
  Use: Potion            |     2 |     1 ||     3
       Scroll            |       |     6 ||     6
  Eat: Chunk             |     3 |     3 ||     6
       Fruit             |       |     1 ||     1
Armor: Robe              |    13 |     1 ||    14
Dodge: Dodged            |    33 |    11 ||    44
